 Dungeon Crawl Stone Soup version 0.28.0-43-g3370ac3207 (webtiles) character file.

Game seed: 13136997524602006991

46 crimpus the Covered (level 3, -1/30 HPs)
             Began as a Demigod Fighter on Mar 6, 2022.
             Slain by a quokka (3 damage)
             ... on level 2 of the Dungeon.
             The game lasted 00:01:15 (1417 turns).

crimpus the Covered (Demigod Fighter)               Turns: 1417, Time: 00:01:15

Health: -1/30      AC:  9    Str: 21    XL:     3   Next: 27%
Magic:  5/5        EV:  7    Int: 10    God:
Gold:   53         SH:  4    Dex: 13    Spells: 2/2 levels left

rFire   . . .      SeeInvis .   a - +0 flail
rCold   . . .      Faith    .   c - +0 buckler
rNeg    . . .      Spirit   .   e - +0 chain mail
rPois   .          Reflect  .   (no helmet)
rElec   .          Harm     .   (no cloak)
rCorr   .          Rampage  .   (no gloves)
Will    .....                   (no boots)
Stlth   ..........              (no amulet)
HPRegen 0.10/turn               (no ring)
MPRegen 0.09/turn               (no ring)

@: mighty
A: high MP 1, forlorn, divine attributes
a: no special abilities


You were on level 2 of the Dungeon.
You visited 1 branch of the dungeon, and saw 2 of its levels.

You collected 53 gold pieces.

Inventory:

Hand Weapons
 a - a +0 flail (weapon)
Armour
 b - a +0 scale mail
 c - a +0 buckler (worn)
 e - a +0 chain mail (worn)
Scrolls
 f - 3 scrolls of identify {unknown}
Potions
 d - a potion of might


   Skills:
 + Level 2.8 Fighting
 + Level 2.4 Maces & Flails
 + Level 3.2 Armour
 + Level 0.2 Dodging
 + Level 3.0 Shields


You had 2 spell levels left.
You didn't know any spells.
Your spell library contained the following spells:

 Spells                   Type           Power      Damage    Failure   Level
 Sticky Flame             Conj/Fire      0%         2d3       100%        4
 Summon Ice Beast         Ice/Summ       0%         N/A       100%        4
 Freezing Cloud           Conj/Ice/Air   0%         6-21      100%        5


Dungeon Overview and Level Annotations

Branches:
Dungeon (2/15)


Innate Abilities, Weirdness & Mutations

You have an increased reservoir of magic. (+10% MP)
You shall have no god before yourself.
Your divine heritage dramatically boosts your attributes as you level up.


Message History

You are more poisoned.
The adder poisons you! The quokka closely misses you.
The adder bites you but does no damage.
You are too injured to fight recklessly!
You are too injured to fight recklessly!
You are too injured to fight recklessly!
There are monsters nearby!
You feel sick. The quokka barely misses you. The quokka bites you.
You feel sick. The adder barely misses you.
You feel sick.
There is an open door here.
You feel sick.
You feel very mighty all of a sudden.
You feel sick. The adder bites you.
* * * LOW HITPOINT WARNING * * *
You hit the adder.
The adder is heavily wounded.
You feel sick. The adder bites you but does no damage.
The adder barely misses you.
You hit the adder.
You kill the adder!
* * * LOW HITPOINT WARNING * * *
You feel sick.
You are no longer poisoned.
The quokka closely misses you.
Your Shields skill increases to level 3!
You hit the quokka.
The quokka is moderately wounded.
The quokka bites you but does no damage.
You closely miss the quokka.
The quokka is moderately wounded.
The quokka bites you but does no damage.
The quokka closely misses you.
You hit the quokka.
The quokka is heavily wounded.
The quokka bites you but does no damage.
You barely miss the quokka.
The quokka is heavily wounded.
The quokka bites you.
You die...

...................#...
....##########.....##..
. . #..........#... #.
#.#.....).....# .
#.#.......####. ## #.
#.#............
....#.####.###..........
...........# #....#.#...
....###@#### #......#...
....###r## #####..#.##
.........# #..####
.........###### ##.#...
............... #...##
.......†....... #...#
............... #.).##
............... #.#...
.........###### #.#..†


You could see a quokka.

Vanquished Creatures
  2 adders (D:2)
  2 dart slugs
  A giant cockroach (D:1)
  4 goblins
  2 hobgoblins (D:1)
  3 quokkas
  2 ball pythons (D:1)
  3 bats (D:1)
  2 frilled lizards
  2 kobolds
  3 rats (D:1)
26 creatures vanquished.

Notes
Turn   | Place    | Note
-------+----------+-------------------------------------------
     0 | D:1      | crimpus the Demigod Fighter began the quest for the Orb.
     0 | D:1      | Reached XP level 1. HP: 18/18 MP: 3/3
   519 | D:1      | Reached XP level 2. HP: 17/25 MP: 4/4
   937 | D:1      | Got Tuat's Tome of Damaging Companions
  1063 | D:1      | You fall into a shaft and drop 1 floor!
  1229 | D:2      | Reached XP level 3. HP: 18/30 MP: 5/5
  1417 | D:2      | Slain by a quokka

Illustrated notes

Levels and vault maps discovered:
D:1:      minmay_arrival_floating_metal, layout_basic
D:2:      layout_basic

Skill      XL: |  1  2  3 |
---------------+----------+-----
Maces & Flails | 2 |  2.4
Armour         | 3 |  3.2
Shields        | 3 |  3.0
Fighting       | |  2.8
Dodging        | |  0.2

Action                   || total
-------------------------++-------
Melee: Flail             ||   108
  Use: Potion            ||     1
Armor: Scale mail        ||    13
       Chain mail        ||    66
Dodge: Dodged            ||    52
Block: Buckler           ||    15
